Map: Pillars of Gold LE

Players

Neeb - Winner!

  • Race: Protoss Protoss
  • Spawn Location: 7:00

Scarlett

  • Race: Zerg Zerg
  • League: Master
  • Spawn Location: 1:00

Event: DreamHack SC2 Masters 2020 Winter

VOD

Have the link to the VOD?

Description

Time

  • Played on: Nov. 4, 2020, 6 p.m.
  • Length: 38:20

All games in this series

Show
View Real Time Build Order
Export as new Build Order

Neeb Protoss - Winner!

Build Orders: 1 Gate Expand, Oracle Opening, Carriers, Chargelot Immortal 

Get SALT Encoding   

  12  0:00  Probe  
  13  0:12  Probe  
  14  0:20  Pylon  
  14  0:24  Probe  
  15  0:38  Probe (Chrono Boost)  
  15  0:40  Gateway  
  16  0:47  Probe (Chrono Boost)  
  17  0:51  Assimilator  
  17  0:52  Probe  
  18  1:04  Probe  
  19  1:16  Probe  
  20  1:29  Nexus  
  20  1:38  Cybernetics Core  
  20  1:41  Probe  
  21  1:50  Assimilator  
  21  1:53  Probe (Chrono Boost)  
  21  1:56  Pylon  
  21  2:05  Probe (Chrono Boost)  
  22  2:09  Probe (Chrono Boost)  
  22  2:11  Adept (Chrono Boost)  
  25  2:20  Probe  
  26  2:24  Stargate  
  26  2:32  Probe  
  26  2:33  Adept (Chrono Boost)  
  29  2:37  Warp Gate  
  29  2:40  Probe  
  31  2:44  Probe  
  31  2:52  Probe  
  31  2:55  Gateway  
  31  2:57  Probe  
  33  3:02  Void Ray (Chrono Boost)  
  33  3:04  Probe  
  38  3:13  Probe  
  38  3:17  Probe  
  40  3:22  Pylon  
  40  3:25  Probe  
  41  3:29  Probe  
  41  3:31  Pylon  
  42  3:35  Oracle (Chrono Boost)  
  42  3:37  Probe  
  46  3:43  Probe  
  46  3:45  Adept  
  49  3:49  Probe  
  49  3:55  Probe  
  51  4:01  Probe  
  53  4:11  Oracle (Chrono Boost)  
  53  4:13  Probe  
  53  4:14  Nexus  
  53  4:16  Pylon  
  56  4:19  Probe  
  57  4:27  Twilight Council  
  57  4:29  Gateway  
  57  4:34  Gateway  
  57  4:35  Probe  
  57  4:36  Probe  
  59  4:47  Probe  
  59  4:48  Probe  
  61  4:54  Adept  
  61  4:55  Adept  
  61  4:56  Pylon  
  61  4:57  Resonating Glaives (Chrono Boost)  
  61  4:59  Probe  
  66  5:00  Probe  
  66  5:03  Pylon  
  67  5:11  Probe  
  67  5:12  Assimilator x2  
  67  5:13  Probe  
  69  5:15  Adept x2  
  73  5:23  Probe  
  73  5:25  Probe  
  73  5:28  Probe  
  76  5:29  Adept  
  76  5:30  Adept  
  80  5:37  Adept x2  
  80  5:38  Probe (Chrono Boost)  
  80  5:39  Shield Battery  
  80  5:40  Probe x2 (Chrono Boost)  
  90  5:51  Probe (Chrono Boost)  
  90  5:52  Adept x2, Probe (Chrono Boost)  
  90  5:56  Robotics Facility  
  94  5:59  Robotics Facility  
  94  6:00  Adept x2  
  94  6:01  Probe  
  94  6:03  Probe  
  99  6:06  Probe  
  99  6:09  Forge  
  100  6:14  Pylon  
  100  6:16  Pylon  
  100  6:20  Charge (Chrono Boost), Pylon  
  100  6:22  Assimilator, Probe  
  100  6:23  Assimilator  
  101  6:32  Probe x2, Sentry  
  103  6:33  Adept, Sentry  
  103  6:34  Adept  
  109  6:45  Immortal x2 (Chrono Boost)  
  109  6:46  Probe  
  106  6:48  Probe  
  115  6:54  Probe  
  115  7:00  Gateway x2  
  116  7:03  Gateway  
  116  7:08  Sentry x2  
  118  7:09  Gateway  
  120  7:19  Protoss Ground Weapons Level 1 (Chrono Boost)  
  124  7:24  Photon Cannon, Immortal (Chrono Boost)  
  124  7:26  Photon Cannon  
  124  7:32  Pylon  
  124  7:34  Pylon  
  124  7:37  Observer (Chrono Boost)  
  125  7:40  Photon Cannon  
  122  7:44  Pylon  
  123  7:51  Probe x3  
  123  7:52  Templar Archives  
  127  7:58  Immortal (Chrono Boost)  
  127  8:02  Zealot x3  
  127  8:03  Zealot x2  
  143  8:06  Immortal (Chrono Boost)  
  143  8:10  Shield Battery  
  143  8:11  Shield Battery  
  143  8:20  Psionic Storm, Pylon  
  143  8:28  High Templar  
  143  8:29  High Templar x2, Nexus  
  143  8:32  Pylon  
  149  8:41  Pylon  
  151  8:44  Warp Prism (Chrono Boost)  
  151  8:45  Pylon  
  151  8:47  Immortal (Chrono Boost)  
  155  8:49  Probe x2  
  155  8:51  Pylon  
  158  8:59  Assimilator  
  158  9:01  Probe  
  158  9:02  High Templar x3  
  164  9:03  Probe  
  164  9:04  Assimilator  
  164  9:06  Photon Cannon  
  164  9:09  Probe  
  166  9:22  Zealot  
  166  9:23  Zealot x4  
  170  9:35  Protoss Ground Weapons Level 2 (Chrono Boost)  
  160  9:38  Photon Cannon  
  160  9:39  Shield Battery  
  160  9:40  Pylon  
  160  9:45  High Templar x3, Zealot x4  
  168  9:50  Photon Cannon  
  174  9:53  Immortal  
  174  9:54  Archon  
  174  9:59  Immortal  
  182  10:02  Probe x3  
  182  10:03  Probe  
  186  10:13  Fleet Beacon  
  184  10:24  Stargate x2  
  184  10:25  High Templar  
  180  10:30  Shield Battery  
  180  10:32  Photon Cannon, Shield Battery  
  181  10:35  Protoss Air Weapons Level 1  
  181  10:36  Observer  
  181  10:53  Pylon  
  181  10:57  Photon Cannon  
  181  10:58  Photon Cannon  
  181  10:59  Carrier (Chrono Boost)  
  187  11:08  Carrier x2 (Chrono Boost)  
  197  11:19  Zealot  
  179  11:34  Zealot x7  
  179  11:37  Probe x2  
  179  11:38  Probe  
  185  11:48  Zealot  
  185  11:53  Probe x2  
  185  11:54  Probe  
  160  12:02  Carrier x2 (Chrono Boost)  
  160  12:03  Carrier (Chrono Boost)  
  160  12:07  Probe x2  
  180  12:10  Photon Cannon  
  180  12:13  Photon Cannon  
  180  12:21  High Templar x2  
  183  12:26  High Templar x4  
  191  12:32  Photon Cannon  
  191  12:34  Archon x2  
  191  12:45  Gateway  
  191  12:46  Gateway  
  191  12:47  Photon Cannon  
  191  12:48  Photon Cannon, Gateway  
  191  12:50  Gateway  
  183  12:55  Shield Battery  
  183  12:56  Immortal x2 (Chrono Boost)  
  169  13:01  Shield Battery  
  177  13:06  Zealot x3  
  177  13:07  Archon  
  177  13:15  Void Ray  
  177  13:18  Zealot  
  177  13:19  Zealot x2  
  176  13:30  High Templar  
  176  13:31  High Templar x2  
  182  13:41  Zealot x5  
  187  13:50  Assimilator  
  184  13:59  Zealot x2  
  184  14:02  Zealot x5  
  188  14:03  Zealot x2  
  188  14:09  High Templar  
  183  14:25  High Templar  
  183  14:26  High Templar x3  
  183  14:30  Assimilator  
  185  14:38  Nexus  
  185  14:41  Archon  
  185  14:44  Zealot x2  
  160  14:58  Pylon  
  138  15:59  Assimilator  
  138  16:00  Assimilator  
  138  16:19  Cybernetics Core  
  132  16:38  Pylon  
  132  16:51  Pylon  
  132  16:52  Pylon  
  132  16:53  Pylon x2  
  132  16:56  Probe  
  133  17:12  Forge  
  133  17:15  Sentry  
  135  17:39  Observer (Chrono Boost)  
  135  17:41  Probe x2 (Chrono Boost)  
  138  17:50  Probe x2 (Chrono Boost), Templar Archives  
  140  17:52  Gateway  
  140  17:55  Probe (Chrono Boost)  
  141  18:01  Stargate  
  141  18:10  Probe  
  142  18:30  Probe x2 (Chrono Boost)  
  144  18:38  Assimilator  
  144  18:41  Probe x2 (Chrono Boost)  
  146  18:45  Probe x2 (Chrono Boost)  
  148  18:55  Oracle (Chrono Boost)  
  148  18:57  Probe  
  148  19:00  Pylon x2  
  148  19:01  High Templar x2  
  154  19:03  Dark Shrine  
  154  19:06  Archon, Observer  
  154  19:13  Probe x2  
  156  19:23  Photon Cannon  
  154  19:25  Probe  
  147  19:35  High Templar x4  
  152  19:53  Probe x2 (Chrono Boost)  
  152  19:56  Fleet Beacon  
  153  20:05  Probe x2 (Chrono Boost)  
  155  20:08  Archon  
  155  20:10  Probe x2 (Chrono Boost)  
  157  20:17  Stargate  
  157  20:18  Stargate  
  157  20:19  Probe  
  158  20:21  Probe  
  158  20:22  Zealot  
  158  20:25  High Templar x3  
  167  20:31  Probe  
  167  20:33  Archon  
  168  20:41  Nexus  
  168  20:43  Photon Cannon  
  168  20:44  Shield Battery  
  168  20:47  Probe  
  168  20:48  Probe  
  170  21:12  Mothership (Chrono Boost)  
  170  21:16  Probe  
  179  21:23  Pylon  
  179  21:24  Zealot  
  181  21:26  Pylon  
  181  21:28  Probe  
  181  21:29  Pylon  
  181  21:32  Shield Battery  
  182  21:33  Photon Cannon  
  180  21:53  Carrier x3 (Chrono Boost)  
  196  22:11  High Templar  
  196  22:14  Probe x2  
  200  22:16  Assimilator  
  200  22:17  Assimilator  
  200  22:19  Photon Cannon  
  200  22:21  Shield Battery  
  200  22:27  Protoss Air Weapons Level 2 (Chrono Boost)  
  200  22:28  Cybernetics Core  
  200  22:38  Photon Cannon  
  200  22:40  Photon Cannon  
  200  22:51  Observer  
  200  22:53  Photon Cannon  
  200  22:55  Photon Cannon  
  198  23:06  Assimilator  
  198  23:07  Nexus  
  198  23:08  Protoss Shields Level 1  
  198  23:11  Pylon  
  197  23:23  Nexus  
  197  23:24  Protoss Air Armor Level 1 (Chrono Boost)  
  197  23:25  Assimilator  
  197  23:28  Oracle  
  200  23:39  Photon Cannon  
  200  23:41  Shield Battery  
  200  24:14  Stargate  
  200  24:15  Stargate  
  200  24:17  Stargate  
  200  24:21  Pylon  
  200  24:31  Photon Cannon  
  200  24:32  Photon Cannon  
  200  24:33  Photon Cannon  
  184  25:13  Protoss Ground Weapons Level 3  
  182  25:20  Carrier (Chrono Boost)  
  177  25:32  High Templar x4  
  185  25:41  Probe x4  
  189  26:16  Protoss Air Weapons Level 3 (Chrono Boost)  
  189  26:17  Void Ray x6  
  195  26:29  Flux Vanes  
  195  26:30  Protoss Air Armor Level 2 (Chrono Boost)  
  195  26:57  Nexus  
  195  27:11  Probe x4  
  195  27:13  Pylon  
  195  27:15  Assimilator  
  199  27:17  Observer (Chrono Boost)  
  199  27:19  Assimilator  
  199  27:22  Pylon  
  200  27:41  Photon Cannon  
  200  27:42  Shield Battery  
  200  27:44  Photon Cannon  
  200  27:45  Photon Cannon  
  200  27:47  Photon Cannon  
  200  27:48  Photon Cannon  
  200  27:49  Shield Battery x2  
  198  27:57  Zealot  
  200  28:05  Protoss Shields Level 2  
  199  28:34  Photon Cannon  
  199  28:36  Photon Cannon  
  199  28:38  Photon Cannon  
  199  28:39  Photon Cannon  
  199  28:41  Photon Cannon  
  199  28:45  Shield Battery  
  197  28:49  Pylon x2  
  197  28:53  Photon Cannon  
  193  29:26  Probe  
  193  29:27  Probe x2  
  193  29:28  Probe x2  
  198  29:39  Probe  
  181  31:03  Mothership (Chrono Boost)  
  177  31:05  Tempest  
  177  31:06  Tempest  
  177  31:07  Tempest  
  200  31:13  Pylon  
  184  31:51  Nexus  
  184  31:52  High Templar x4  
  190  31:57  Observer (Chrono Boost)  
  190  31:59  Void Ray  
  190  32:00  Void Ray x2  
  189  32:02  Pylon  
  189  32:04  Assimilator  
  189  32:08  Assimilator  
  198  32:09  Tempest x2  
  198  32:12  Archon  
  196  32:34  Pylon  
  196  32:46  Photon Cannon  
  196  32:47  Photon Cannon x2  
  196  32:48  Photon Cannon  
  196  32:50  Shield Battery  
  196  32:51  Oracle  
  196  32:55  Shield Battery  
  199  33:06  Photon Cannon  
  199  33:07  Photon Cannon  
  199  33:09  Photon Cannon  
  199  33:10  Photon Cannon, Shield Battery  
  195  33:14  Shield Battery  
  195  33:16  Shield Battery  
  195  33:18  Pylon  
  195  33:43  Tempest  
  195  33:51  Tempest x2  
  200  34:08  Pylon, Protoss Shields Level 3 (Chrono Boost)  
  200  34:09  Dark Shrine  
  200  34:17  Mothership (Chrono Boost)  
  200  34:23  Protoss Air Armor Level 3 (Chrono Boost), Pylon  
  200  34:26  Pylon  
  200  34:32  Shield Battery  
  200  34:33  Shield Battery  
  200  34:34  Shield Battery x2  
  200  34:36  Shield Battery  
  200  34:39  Shield Battery x2  
  200  34:49  Shield Battery  
  200  34:50  Shield Battery  
  200  34:52  Shield Battery  
  200  34:53  Photon Cannon, Shield Battery  
  200  34:55  Photon Cannon  
  200  34:56  Pylon  
  196  35:15  Unknown  
  196  35:23  Zealot  
  188  35:41  High Templar x3  
  193  35:51  Tempest  
  198  35:58  Dark Templar  
  198  36:02  Pylon  
  198  36:11  Pylon  
  198  36:17  Pylon  
  190  36:21  Tempest  
  190  36:22  Tempest  
  200  36:45  Shield Battery  
  200  36:47  Shield Battery  
  200  36:52  Shield Battery  
  200  36:53  Shield Battery  
  200  36:55  Shield Battery  
  200  36:57  Shield Battery  
  200  36:58  Shield Battery  
  200  37:00  Photon Cannon  
  190  37:02  Photon Cannon  
  190  37:05  Photon Cannon  
  190  37:07  Photon Cannon  
  198  37:10  Pylon  
  198  37:24  Photon Cannon  
  198  37:31  Photon Cannon  
  194  38:10  Archon x2  
Show
View Real Time Build Order
Export as new Build Order

Scarlett Zerg 

Build Orders: Hatch First, Lurkers, Roach Hydra 

Get SALT Encoding   

  12  0:00  Drone  
  13  0:12  Overlord  
  13  0:17  Drone  
  14  0:31  Drone x2  
  16  0:45  Drone  
  17  0:53  Hatchery  
  17  0:56  Drone  
  17  1:00  Drone  
  18  1:09  Extractor  
  17  1:15  Spawning Pool  
  16  1:19  Drone  
  16  1:23  Drone  
  18  1:28  Drone  
  19  1:39  Drone  
  20  1:56  Overlord  
  20  2:01  Queen  
  20  2:04  Queen  
  20  2:05  Zergling x2  
  20  2:06  Drone  
  26  2:11  Drone  
  26  2:13  Metabolic Boost  
  27  2:18  Drone  
  27  2:22  Drone  
  29  2:27  Drone  
  30  2:45  Drone x2, Hatchery  
  30  2:48  Drone  
  32  2:56  Overlord  
  32  3:01  Drone x2  
  32  3:03  Queen  
  36  3:18  Drone, Zergling x2  
  36  3:19  Drone x2  
  40  3:21  Overlord  
  40  3:22  Queen  
  42  3:28  Drone x2  
  44  3:35  Overlord  
  44  3:40  Overlord  
  44  3:41  Drone, Queen  
  46  3:43  Overlord  
  47  3:53  Drone x2  
  49  3:58  Spore Crawler  
  49  3:59  Drone, Queen  
  51  4:05  Drone x2  
  51  4:07  Spore Crawler  
  52  4:10  Drone  
  52  4:11  Zergling x2  
  52  4:12  Zergling x6  
  52  4:16  Drone x3  
  59  4:23  Drone x2  
  61  4:33  Drone x2, Overlord  
  61  4:37  Drone x2  
  65  4:40  Spore Crawler  
  64  4:48  Drone x5  
  69  4:53  Lair, Roach Warren  
  69  4:54  Extractor  
  69  4:58  Drone x5  
  72  5:00  Drone  
  72  5:02  Evolution Chamber  
  72  5:03  Extractor  
  72  5:04  Extractor  
  70  5:11  Drone x5  
  75  5:16  Overlord  
  75  5:17  Drone  
  76  5:34  Zerg Missile Weapons Level 1  
  76  5:35  Overlord  
  76  5:36  Drone x10  
  76  5:38  Extractor  
  76  5:39  Extractor  
  84  5:44  Roach x2  
  84  5:48  Overlord  
  84  5:49  Overlord x3  
  88  5:54  Roach x4  
  96  5:59  Roach  
  96  6:02  Overlord  
  97  6:07  Glial Reconstitution  
  97  6:08  Roach x2  
  97  6:09  Roach x3  
  107  6:16  Roach x3  
  113  6:23  Roach x5  
  113  6:24  Roach  
  125  6:33  Drone  
  125  6:34  Drone x2  
  125  6:35  Hydralisk Den  
  125  6:36  Infestation Pit  
  124  6:41  Roach x4  
  124  6:46  Roach  
  124  6:47  Roach x3  
  132  6:57  Overlord  
  132  6:58  Overlord x5  
  132  7:03  Overlord  
  132  7:18  Hive  
  132  7:19  Drone x2, Hatchery  
  132  7:20  Lurker Den  
  132  7:25  Evolution Chamber  
  132  7:27  Muscular Augments  
  132  7:29  Hydralisk x3  
  133  7:32  Overseer  
  133  7:35  Pneumatized Carapace  
  137  7:39  Drone x6  
  137  7:40  Drone  
  144  7:46  Drone x3  
  144  7:48  Zerg Missile Weapons Level 2  
  147  7:52  Drone  
  147  7:53  Drone x5  
  153  8:02  Extractor, Hydralisk x3  
  158  8:06  Extractor  
  157  8:13  Zerg Ground Armor Level 1  
  157  8:15  Drone x3  
  157  8:16  Drone x2  
  163  8:20  Drone, Hydralisk x4  
  171  8:30  Overlord  
  171  8:31  Seismic Spines  
  171  8:33  Lurker  
  171  8:38  Grooved Spines  
  171  8:39  Zergling x14  
  178  8:45  Lurker  
  178  8:46  Lurker, Overseer  
  180  8:59  Drone  
  180  9:02  Hatchery  
  180  9:03  Lurker x4  
  180  9:04  Extractor  
  180  9:06  Extractor  
  182  9:10  Hydralisk x3  
  182  9:14  Zergling x18  
  197  9:17  Spine Crawler  
  197  9:18  Lurker  
  195  9:25  Hydralisk x3  
  199  9:33  Adrenal Glands  
  199  9:36  Zergling x16  
  195  9:48  Spine Crawler  
  194  9:56  Drone x3  
  194  9:57  Drone  
  198  10:04  Spine Crawler  
  198  10:05  Spore Crawler  
  198  10:06  Spine Crawler  
  195  10:18  Hydralisk x2  
  199  10:27  Zerg Ground Armor Level 2, Spire x2, Zerg Missile Weapons Level 3  
  197  10:29  Adaptive Talons  
  197  10:31  Lurker  
  198  10:39  Hydralisk  
  200  10:44  Overseer x2  
  200  10:58  Overlord x2  
  200  11:02  Spine Crawler  
  200  11:03  Spine Crawler  
  198  11:14  Hatchery  
  196  11:23  Hydralisk x2  
  176  11:33  Hydralisk x11  
  196  11:43  Hydralisk  
  196  11:44  Hydralisk x2  
  193  11:48  Hydralisk x5  
  193  11:52  Zerg Flyer Weapons Level 1, Zerg Flyer Armor Level 1  
  174  12:04  Extractor  
  174  12:07  Zergling x16  
  174  12:08  Lurker x6, Extractor  
  184  12:09  Lurker x3  
  184  12:12  Lurker x4, Hydralisk x2  
  195  12:23  Zergling x10  
  195  12:25  Overseer  
  195  12:29  Overseer  
  200  12:30  Overlord, Overseer  
  200  12:31  Overlord  
  196  12:52  Hydralisk  
  196  12:53  Hydralisk x2  
  196  12:55  Spore Crawler  
  195  13:00  Spine Crawler  
  179  13:07  Hydralisk  
  179  13:08  Hydralisk x11  
  196  13:27  Hydralisk x7  
  184  13:30  Overseer  
  193  13:34  Zergling x8  
  196  13:47  Zergling x2  
  196  13:48  Zergling x4  
  182  13:57  Hydralisk x10  
  182  14:00  Zergling x12  
  196  14:06  Hydralisk x2  
  158  14:39  Drone x7  
  158  14:40  Drone x5, Hydralisk Den  
  158  14:43  Lurker Den  
  147  14:52  Hydralisk  
  147  14:53  Hydralisk x11  
  154  15:13  Overlord  
  149  15:15  Overlord x2  
  137  15:21  Hatchery  
  131  15:39  Drone x3  
  131  15:41  Overlord x3  
  130  16:01  Spawning Pool  
  130  16:03  Drone x2  
  128  16:09  Overseer  
  117  16:12  Drone  
  117  16:14  Overlord x3  
  117  16:18  Hatchery  
  113  16:39  Hatchery  
  109  16:44  Drone x2  
  111  16:48  Hydralisk x4  
  111  16:49  Hydralisk x2  
  123  16:55  Hydralisk  
  123  16:57  Lair  
  125  17:04  Hydralisk x4  
  130  17:14  Hydralisk  
  134  17:32  Hydralisk  
  134  17:33  Hydralisk x2  
  134  17:34  Hydralisk  
  140  17:41  Hatchery  
  139  17:51  Overlord  
  139  17:53  Overlord x2  
  139  18:00  Infestation Pit  
  139  18:01  Drone x2, Lurker Den  
  139  18:13  Hydralisk x4  
  139  18:14  Hydralisk  
  147  18:28  Zergling x10  
  152  18:43  Drone  
  152  18:44  Drone x3  
  156  18:59  Drone x5  
  156  19:02  Lurker x8, Hive  
  168  19:12  Overlord x2  
  167  19:23  Hydralisk x3  
  168  19:37  Overlord x2  
  168  19:54  Drone x2  
  168  19:55  Drone x2, Queen  
  174  20:02  Drone  
  174  20:04  Spire  
  174  20:10  Overseer  
  174  20:13  Overlord  
  174  20:16  Viper x4  
  186  20:22  Zergling x14  
  186  20:24  Hatchery  
  186  20:27  Drone  
  186  20:28  Evolution Chamber  
  192  20:31  Drone x3, Extractor  
  193  21:03  Queen  
  193  21:23  Zerg Melee Weapons Level 1  
  193  21:24  Zerg Flyer Weapons Level 2  
  193  21:25  Corruptor x3  
  193  21:55  Queen  
  195  22:11  Corruptor x2  
  199  22:17  Drone  
  199  22:18  Spore Crawler  
  199  22:19  Spore Crawler  
  199  22:20  Spore Crawler  
  197  22:35  Drone x3  
  197  22:36  Spire  
  198  22:46  Drone, Extractor  
  198  22:47  Drone x2, Extractor  
  198  22:49  Overseer  
  199  22:59  Spore Crawler x2  
  198  23:12  Drone  
  198  23:13  Drone x2  
  198  23:14  Spore Crawler x2  
  198  23:23  Overseer  
  198  23:25  Zerg Melee Weapons Level 2  
  194  23:52  Zerg Flyer Weapons Level 3, Corruptor, Zerg Flyer Armor Level 2  
  194  23:53  Spore Crawler, Corruptor  
  194  23:54  Spore Crawler  
  194  23:55  Spore Crawler  
  195  23:56  Spore Crawler  
  194  24:03  Drone x5  
  194  24:05  Spore Crawler  
  194  24:06  Spore Crawler  
  194  24:07  Spore Crawler  
  196  24:15  Drone  
  196  24:16  Drone x2, Spore Crawler x2  
  197  24:25  Corruptor  
  199  24:38  Spore Crawler x2  
  198  24:39  Spore Crawler  
  198  24:40  Spore Crawler  
  198  24:42  Spore Crawler  
  198  24:43  Spore Crawler x2  
  198  24:44  Spore Crawler  
  185  25:03  Corruptor x10  
  180  25:29  Drone x3  
  180  25:31  Hatchery  
  180  25:32  Drone x3, Extractor x2  
  180  25:33  Drone x3, Overlord  
  180  25:34  Drone  
  180  25:35  Drone x6  
  193  25:49  Overlord x2  
  193  26:08  Drone x5  
  198  26:12  Hatchery  
  197  26:35  Drone x2  
  197  26:38  Spore Crawler  
  197  26:39  Spore Crawler  
  197  26:42  Drone x2  
  199  26:52  Spore Crawler  
  199  26:53  Spore Crawler  
  197  26:57  Spore Crawler  
  197  26:58  Spore Crawler x2  
  197  26:59  Spore Crawler  
  193  27:09  Corruptor x2, Zerg Flyer Armor Level 3  
  196  27:41  Lurker x3  
  199  28:28  Overseer  
  199  28:40  Zerg Ground Armor Level 3  
  199  28:53  Hatchery  
  198  29:05  Extractor  
  193  30:16  Corruptor x5  
  193  30:17  Corruptor  
  198  30:48  Zergling x2  
  198  30:49  Zergling x2  
  184  31:21  Corruptor x2  
  184  31:22  Corruptor x6  
  200  32:00  Hatchery  
  199  32:05  Hatchery  
  194  33:18  Lurker x4  
  194  33:19  Lurker x2  
  193  33:52  Viper x2  
  197  34:11  Extractor  
  197  34:12  Extractor  
  195  34:23  Zerg Melee Weapons Level 3  
  158  35:43  Corruptor x9  
  158  35:45  Lurker x3  
  158  35:46  Lurker  
  180  36:03  Corruptor x2  
  181  36:30  Zergling x2  
  181  36:31  Zergling x36  
  197  36:46  Hatchery  
  180  37:41  Zergling x12  
  181  37:53  Zergling x4  
  181  37:56  Extractor  
Tags
 
Add a new tag
Caveats
  • Supply blocks, unpowered buildings, or Contaminate may cause inaccurate times.
  • Supply counts are checked every 10 seconds.